 Dungeon Crawl Stone Soup version 0.25.1-11-g244df3a29b (webtiles) character file.

Game seed: 2184151129234714207

13958 DeepDeath the Basher (level 12, -15/73 HPs)
             Began as a Gargoyle Abyssal Knight on Jan 17, 2024.
             Was a High Priest of Lugonu.
             Killed from afar by a hellion (21 damage)
             ... with damnation
             ... in a Gauntlet.
             The game lasted 00:50:05 (13618 turns).

DeepDeath the Basher (Gargoyle Abyssal Knight)     Turns: 13618, Time: 00:50:06

Health: -15/73     AC: 30    Str: 20    XL:     12   Next: 11%
Magic:  0/18       EV: 12    Int: 14    God:    Lugonu [*****.]
Gold:   250        SH:  5    Dex:  9    Spells: 19/19 levels left

rFire    + + .     SeeInvis .   d - +4 mace (holy)
rCold    + . .     Gourm    .   A - +0 buckler
rNeg     + . .     Faith    .   L - +4 ring mail {MR+}
rPois    ∞         Spirit   +   x - +1 helmet
rElec    +         Reflect  .   e - +0 cloak
rCorr    .         Harm     .   s - +0 pair of gloves of Zin's Indignation {rF++}
MR       +....     NoTele   +   j - +1 pair of boots
Stlth    ..........             h - amulet of guardian spirit
HPRegen  0.22/turn              D - +4 ring of protection
MPRegen  0.16/turn              n - ring of protection from cold

@: silence
A: negative energy resistance 1, electricity resistance, unbreathing,
petrification resistance, rot immunity, AC +8
a: Renounce Religion


You were in a Gauntlet.
You worshipped Lugonu.
Lugonu was extremely pleased with you.
You were not hungry.

You visited 2 branches of the dungeon, and saw 12 of its levels.
You visited the Abyss 1 time.
You also visited: Gauntlet.

You collected 968 gold pieces.
You spent 718 gold pieces at shops.

Inventory:

Hand Weapons
 d - a +4 mace of holy wrath (weapon)
 m - the +9 hunting sling of the Swamp {speed, MR+, unknown}
   (You found it in a Gauntlet)

   Attacks with this weapon are significantly faster.
   It affects your resistance to hostile enchantments.
 w - a +5 flail of protection
 R - a +0 vorpal flail
Missiles
 f - 21 boomerangs
 g - 40 sling bullets
 p - 17 poisoned darts (quivered)
 v - 184 arrows
 C - 46 bolts
Armour
 e - a +0 cloak (worn)
 j - a +1 pair of boots (worn)
 q - a +3 leather armour of cold resistance
 s - the +0 pair of gloves of Zin's Indignation (worn) {rF++}
   (You bought it in a shop on level 5 of the Dungeon)

   It greatly protects you from fire.
 x - a +1 helmet (worn)
 z - a +2 plate armour of cold resistance
 A - a +0 buckler (worn)
 L - a +4 ring mail of magic resistance (worn)
 M - a +2 leather armour of positive energy
Jewellery
 h - an amulet of guardian spirit (around neck)
 n - a ring of protection from cold (right hand)
 B - an uncursed ring of resist corrosion
 D - a +4 ring of protection (left hand)
Wands
 y - a wand of polymorph (4)
 G - a wand of digging (2)
 J - a wand of clouds (1)
 K - a wand of flame (6)
 Q - a wand of paralysis (10)
Scrolls
 o - 3 scrolls of teleportation
 E - 4 scrolls of remove curse
 I - a scroll of blinking
 N - 2 scrolls of noise
Potions
 b - 3 potions of mutation
 k - 4 potions of curing
 l - a potion of magic
 r - a potion of lignification
 t - a potion of brilliance
 O - 3 potions of cancellation
 P - a potion of stabbing
Comestibles
 c - 22 rations


   Skills:
 - Level 8.0 Fighting
 * Level 13.7 Maces & Flails
 - Level 2.0 Throwing
 - Level 6.0 Armour
 - Level 3.0 Dodging
 - Level 6.0 Shields
 - Level 4.0 Spellcasting
 - Level 6.0 Invocations
 - Level 2.0 Evocations


You had 19 spell levels left.
You didn't know any spells.
Your spell library contained the following spells:

 Spells                   Type           Power        Failure   Level  Hunger
 Beastly Appendage        Tmut           #.....       30%         1    None
 Sticks to Snakes         Tmut           #.......     41%         2    ##.....
 Spider Form              Tmut/Pois      #.........   65%         3    ###....
 Ice Form                 Ice/Tmut       #.......     96%         4    ####...
 Blade Hands              Tmut           #.........   100%        5    ######.


Dungeon Overview and Level Annotations

Branches:
Dungeon (10/15)            Temple (0/1) D:5            Lair (2/6) D:9
Gauntlet (1/1)
  Swamp: Lair:2-4    Shoals: Lair:2-4     Snake: Lair:2-4    Spider: Lair:2-4
    Orc: D:9-12

Altars:
Dithmenos
Elyvilon
Gozag
Makhleb
Nemelex Xobeh
Sif Muna
Vehumet
Yredelemnul
Zin

Shops:
D:5 [[   D:10 [

Annotations:
D:8 inv Horror, 1 exclusion Gauntlet 7 transporters


Innate Abilities, Weirdness & Mutations

You are resistant to torment.
Your stone body is resilient. (AC +8)
You are immune to poison.
You resist negative energy. (rN+)
You are resistant to electric shocks. (rElec)
You can survive without breathing.
You are immune to petrification.
You are immune to rotting.


Message History

Evoke which item? (* to show all) (? for menu, Esc to quit)
Aiming: Paralyse
Press: ? - help, Shift-Dir - straight line, f - hellion
Aim: a hellion (silenced, chance to defeat MR: 19%)
Okay, then.
Unknown command.
Unknown command.
Throwing (i - inventory. (/) - cycle)
p - 17 poisoned darts (quivered)
Press: ? - help, Shift-Dir - straight line, f - hellion
Aim: a hellion (silenced)
Okay, then.
Unknown command.
Unknown command.
Unknown command.
Unknown command.
You hit the hellion.
The hellion convulses!
The hellion is moderately wounded.
The hellion gestures at you.
The sphere of damnation explodes!
The damnation engulfs you!!
You die...

##≈....#©.........©#....≈
##.#########.#########.#
##≈.#..#.#..#.#x.x....#.≈
#≈≈.#.#.#.#.#.#Xx..#..#.≈
##≈.#.#.#.#.#.#...###.#.≈
##.#..#©#..###x.#©#..#.#
##≈.#.#.#.#.#.#.###...#.≈
#≈≈.#.#2#.#.#.#X.#....#.≈
##≈.#[!#@#.)#.#X$.©$=.#.≈
##.#########.#########.#
#≈.....................≈
#≈≈≈#≈≈≈#..∩.⌠.∩..#≈≈≈#≈≈
##≈###≈###.......###≈###≈
## ### ######### ### #
......... ⌠.⌠.©.©.⌠.⌠
.............


You could see 2 thrashing horrors, a hellion and a small abomination.

Vanquished Creatures
  2 hydras
  2 two-headed ogres
  Pikel (D:5)
  An ice statue (Gauntlet)
  A spiny frog (Lair:1)
  A rime drake (Gauntlet)
  A komodo dragon (Lair:1)
  2 trolls
  Prince Ribbit (D:7)
  6 hippogriffs
  3 flying skulls (Gauntlet)
  Sigmund (D:5)
  A wyvern (D:7)
  Eustachio (D:5)
  15 yaks
  2 soldier ants (D:7)
  2 water moccasins (Lair:1)
  A hell hound (Gauntlet)
  A porcupine (Lair:1)
  A sky beast (D:9)
  4 orc warriors
  2 phantoms
  A slave (D:5)
  5 ogres
  An ice beast (D:6)
  2 centaurs
  A crocodile (Lair:1)
  A big kobold (D:8)
  Blork the orc (D:5)
  10 bullfrogs
  3 gnoll sergeants (D:8)
  4 scorpions
  6 killer bees
  3 wights
  A howler monkey (D:9)
  2 crimson imps (D:10)
  A bullfrog zombie (D:9)
  A quasit (D:9)
  2 jellies
  Crazy Yiuf (D:3)
  A bullfrog skeleton (D:4)
  6 hounds
  9 orc priests
  Ijyb (D:4)
  5 orc wizards
  9 worker ants
  A killer bee zombie (D:9)
  A hound skeleton (D:8)
  A worker ant zombie (D:7)
  18 gnolls
  9 adders
  A shadow imp (D:7)
  3 oozes
  An adder skeleton (D:8)
  An adder zombie (D:5)
  2 worms
  A dart slug (D:2)
  5 leopard geckos
  35 orcs
  2 ball pythons
  7 giant cockroaches
  7 hobgoblins
  19 jackals
  5 quokkas
  5 bats
  2 frilled lizards
  15 goblins
  12 kobolds
  A leopard gecko skeleton (D:4)
  A quokka skeleton (D:5)
  4 rats
  A plant (D:8)
289 creatures vanquished.

Vanquished Creatures (others)
  2 slaves (D:5)
  2 centaurs (D:5)
  A scorpion (D:5)
  A hound (D:5)
  A quokka (D:5)
  6 fungi
  3 plants (Lair:1)
16 creatures vanquished.

Grand Total: 305 creatures vanquished

Notes
Turn   | Place    | Note
-------+----------+-------------------------------------------
     0 | Abyss:1  | DeepDeath the Gargoyle Abyssal Knight began the quest for
                  | the Orb.
     0 | Abyss:1  | Reached XP level 1. HP: 14/14 MP: 2/2
    56 | Abyss:1  | Noticed a sixfirhy
    61 | D:1      | Escaped the Abyss
   248 | D:1      | Reached XP level 2. HP: 17/19 MP: 3/3
   872 | D:2      | Reached skill level 3 in Maces & Flails
   894 | D:2      | Reached XP level 3. HP: 20/23 MP: 4/4
   975 | D:2      | Reached * piety under Lugonu
  1000 | D:2      | Found an opulent altar of Gozag.
  1142 | D:2      | Reached skill level 4 in Maces & Flails
  1159 | D:2      | Reached XP level 4. HP: 24/28 MP: 5/5
  1858 | D:3      | Found a runed translucent door.
  1859 | D:3      | Noticed Crazy Yiuf
  1928 | D:3      | Reached ** piety under Lugonu
  1928 | D:3      | Reached skill level 5 in Maces & Flails
  1929 | D:3      | Reached XP level 5. HP: 30/32 MP: 6/6
  2234 | D:3      | Found a burning altar of Makhleb.
  2597 | D:4      | Found a basalt altar of Yredelemnul.
  2627 | D:4      | Found a glowing silver altar of Zin.
  2705 | D:4      | Found a white marble altar of Elyvilon.
  2734 | D:4      | Reached skill level 6 in Maces & Flails
  2734 | D:4      | Reached XP level 6. HP: 18/37 MP: 7/7
  2884 | D:4      | Found a white marble altar of Elyvilon.
  3284 | D:4      | Noticed a phantom
  3299 | D:4      | Killed a phantom
  3299 | D:4      | Reached *** piety under Lugonu
  3299 | D:4      | Reached skill level 7 in Maces & Flails
  3341 | D:4      | Reached XP level 7. HP: 31/41 MP: 8/8
  3366 | D:4      | Noticed Ijyb
  3395 | D:4      | Killed Ijyb
  3634 | D:5      | Entered Level 5 of the Dungeon
  3651 | D:5      | Noticed Pikel
  3671 | D:5      | Killed Pikel
  3671 | D:5      | Reached skill level 8 in Maces & Flails
  3671 | D:5      | Reached skill level 1 in Throwing
  3671 | D:5      | Reached skill level 1 in Dodging
  3671 | D:5      | Reached skill level 1 in Evocations
  3671 | D:5      | Reached XP level 8. HP: 31/48 MP: 9/9
  3785 | D:5      | Noticed Sigmund
  3798 | D:5      | Killed Sigmund
  3837 | D:5      | Found a staircase to the Ecumenical Temple.
  3925 | D:5      | Found Guochad's Antique Armour Shoppe.
  3946 | D:5      | Bought a runed helmet for 202 gold pieces
  3985 | D:5      | Found a sparkling altar of Nemelex Xobeh.
  4144 | D:5      | Noticed Blork the orc
  4159 | D:5      | Killed Blork the orc
  4202 | D:5      | Noticed Eustachio
  4208 | D:5      | Killed Eustachio
  4215 | D:5      | Found a radiant altar of Vehumet.
  4281 | D:5      | Found Fininue's Antique Armour Shoppe.
  5013 | D:7      | Noticed Prince Ribbit
  5027 | D:7      | Killed Prince Ribbit
  5027 | D:7      | Reached skill level 9 in Maces & Flails
  5027 | D:7      | Reached skill level 1 in Shields
  5027 | D:7      | Reached skill level 1 in Spellcasting
  5027 | D:7      | Reached XP level 9. HP: 51/52 MP: 11/11
  5158 | D:7      | Reached **** piety under Lugonu
  5948 | D:6      | Reached skill level 5 in Fighting
  6043 | D:7      | Found a runed translucent door.
  6044 | D:7      | Found a runed translucent door.
  6199 | D:5      | Bought a pair of faintly glowing gloves for 228 gold pieces
  6209 | D:5      | Identified the +0 pair of gloves of Zin's Indignation
                  | {rF++} (You bought it in a shop on level 5 of the Dungeon)
  6323 | D:3      | Killed Crazy Yiuf
  7093 | D:8      | Reached skill level 10 in Maces & Flails
  7333 | D:8      | Found a shimmering blue altar of Sif Muna.
  8322 | D:8      | Reached XP level 10. HP: 43/59 MP: 16/16
  8529 | D:5      | Bought a shiny ring mail for 168 gold pieces
  8529 | D:5      | Bought a runed leather armour for 120 gold pieces
  9903 | D:8      | Reached skill level 5 in Armour
  9903 | D:8      | Reached skill level 5 in Shields
  9903 | D:8      | Reached skill level 5 in Invocations
 10012 | D:9      | Reached ***** piety under Lugonu
 10138 | D:9      | Found a staircase to the Lair.
 10150 | D:9      | Reached skill level 11 in Maces & Flails
 10493 | D:9      | Noticed a two-headed ogre
 10551 | D:9      | Killed a two-headed ogre
 10934 | D:9      | Found a shadowy altar of Dithmenos.
 11070 | D:10     | Entered Level 10 of the Dungeon
 11085 | D:9      | Reached skill level 12 in Maces & Flails
 11185 | D:10     | Reached XP level 11. HP: 64/64 MP: 17/17
 11227 | D:10     | Noticed a two-headed ogre
 11234 | D:10     | Killed a two-headed ogre
 11282 | D:10     | Found Pailoz's Armour Boutique.
 12004 | Lair:1   | Entered Level 1 of the Lair of Beasts
 12128 | Lair:1   | Noticed an eight-headed hydra
 12738 | Lair:1   | Noticed an eight-headed hydra
 12758 | Lair:1   | Killed an eight-headed hydra
 12758 | Lair:1   | Reached skill level 13 in Maces & Flails
 12937 | Lair:2   | Found a gate leading to a gauntlet.
 12939 | Lair:2   | Noticed a five-headed hydra
 12950 | Lair:2   | Killed a five-headed hydra
 13101 | Gauntlet | Entered a Gauntlet
 13101 | Gauntlet | Found a transporter.
 13101 | Gauntlet | Found a transporter.
 13101 | Gauntlet | Noticed a moth of wrath
 13110 | Gauntlet | Found a transporter.
 13114 | Gauntlet | Found a transporter.
 13119 | Gauntlet | Noticed a death scarab
 13124 | Gauntlet | Found a transporter.
 13128 | Gauntlet | Found a transporter.
 13130 | Gauntlet | Noticed a thrashing horror
 13139 | Gauntlet | Found a transporter.
 13146 | Gauntlet | Noticed a thrashing horror
 13156 | Gauntlet | Found a transporter.
 13172 | Gauntlet | Found a transporter.
 13193 | Gauntlet | Found a transporter.
 13195 | Gauntlet | Found a runed translucent door.
 13197 | Gauntlet | Found a runed translucent door.
 13206 | Gauntlet | Found a transporter.
 13210 | Gauntlet | Found a transporter.
 13267 | Gauntlet | Reached XP level 12. HP: 66/73 MP: 16/18
 13286 | Gauntlet | Got a bloodstained hunting sling
 13618 | Gauntlet | Killed from afar by a hellion

Illustrated notes

Levels and vault maps discovered:
D:1:      shiori_arrival_elements, layout_basic, minmay_ruptured
D:2:      layout_loops_corners, grunt_gozag_breadcrumbs
D:3:      layout_loops_ring, bloody_makhleb, first_ration,
          uniq_crazy_yiuf_cottage
D:4:      kennysheep_goblin_castle, layout_loops_ring, kennysheep_ying_yang,
          old_standard_altar, elyvilon_altar_5
D:5:      layout_loops_cross, lemuel_round_altar,
          nemelex_xobeh_ov_fountains_minmay, minmay_temple_entry_sparse_star,
          serial_shops, shop, nicolae_shop_statue_plus, dk_vineyard_1,
          uniq_blork_the_orc, uniq_eustachio, uniq_pikel, uniq_sigmund
D:6:      layout_loops_ring
D:7:      lemuel_insect_pit, layout_rooms, uniq_prince_ribbit1
D:8:      kennysheep_housing_project, layout_loops_corners, lemuel_crystal_altar
D:9:      layout_layer_cave, kennysheep_mini_moat,
          grunt_lair_entry_orc_guard_hut
D:10:     layout_loops_ring, serial_shops, shop
Lair:1:   layout_loops_ring, hibernation_bobbens, grunt_megastairs_1
Lair:2:   layout_small_grid, gauntlet_entry_generic
Gauntlet: minmay_gauntlet_77_indecision [minmay_gauntlet_arena_77_broken_ladder,
          minmay_gauntlet_arena_77_mirror,
          minmay_gauntlet_arena_77_radiant_squares,
          minmay_gauntlet_arena_77_cramped,
          minmay_gauntlet_arena_77_double_cross,
          minmay_gauntlet_arena_77_braids, gauntlet_exit_watery]

Skill      XL: |  1  2  3  4  5  6  7  8  9 10 11 12 |
---------------+-------------------------------------+-----
Maces & Flails | 3 4 5 6 7 8 9 10 12 13 | 13.7
Throwing       | 1 2 |  2.0
Dodging        | 1 2 3 |  3.0
Evocations     | 1 2 |  2.0
Armour         | 4 5 6 |  6.0
Invocations    | 3 4 5 6 |  6.0
Fighting       | 4 5 6 7 8 |  8.0
Shields        | 1 4 5 6 |  6.0
Spellcasting   | 1 4 |  4.0

Action                   |  1- 3 |  4- 6 |  7- 9 | 10-12 || total
-------------------------+-------+-------+-------+-------++-------
Melee: Mace              |    74 |   228 |   434 |   395 ||  1131
       Flail             |       |       |       |   242 ||   242
Throw: Dart              |       |       |    29 |    36 ||    65
Invok: Depart the Abyss  |     1 |       |       |       ||     1
       Bend Space        |       |       |       |     1 ||     1
Evoke: Wand              |       |       |    15 |     3 ||    18
  Use: Scroll            |     1 |     6 |    10 |    12 ||    29
       Potion            |       |     1 |     6 |     2 ||     9
 Stab: Paralysed         |       |       |       |     3 ||     3
  Eat: Chunk             |     1 |     7 |    13 |     8 ||    29
       Ration            |       |       |     1 |     3 ||     4
Armor: Leather armour    |    27 |   118 |   217 |    43 ||   405
       Ring mail         |       |       |       |   308 ||   308
Dodge: Dodged            |    46 |   171 |   239 |   339 ||   795
Block: Buckler           |       |       |    36 |   122 ||   158
